cohdb
Replays
Latest Replays
All Replays
Popular Replays
Top Player Replays
Match Explorer
How It Works
Community
CoH3 Stats
Reddit
Sign in to upload your games and track your stats! →
Sign in with Steam
Match 40149268
Unlisted
Match 40149268
Overview
Messages
Build Orders
End
Construct Section Command Post
Infantry Section
Infantry Section
Infantry Section
Construct Platoon Command Post
Construct Field Infirmary
Construct Field Infirmary
Infantry Section
Construct Company Command Post
Royal Engineer Section
6-pounder Anti-tank Gun Team
Selects Air and Sea Battlegroup
Selects Commando Section Paradrop
Commando Section Paradrop
Matilda II Heavy Tank
Commando Section Paradrop
Selects M1 Pack Howitzer Paradrop
Selects Incendiary Bombing Run
dondidit
Neal
Disarmed
Unsafe
0
0
Comments
sign in to comment!
No comments posted yet!